Cogmind - Beta 15 @@@ ROGUE MODE // 2025.06.28 @ 15:07:49 Player: V-0 Result: Destroyed by G-47 Trooper with Particle Gun Performance ------------- Evolutions (1) 500 Regions Visited (2) 400 Robots Destroyed (18) 90 Value Destroyed (551) 551 Prototype IDs (0) 0 Alien Tech Used (0) 0 Bonus (0) 0 TOTAL SCORE: 1541 Bonus ------- None Cogmind --------- Core Integrity 0/400 Matter 283/300 Energy 100/100 System Corruption 2% Temperature Cool (9) Movement Core (350) Ox6 Location -9/Materials Parts ------- > --- POWER (1) -------- (None) > --- PROPULSION (2) --- (None) > --- UTILITY (4) ------ Large Storage Unit Power Shielding > --- WEAPON (2) ------- (None) > --- INVENTORY (15) --- Flight Unit Flight Unit Large Storage Unit Particle Cannon Datajack Peak State ------------ > --- POWER ------------ Ion Engine > --- PROPULSION ------- Aluminum Leg Aluminum Leg > --- UTILITY ---------- Heat Sink ECM Suite Power Shielding Light Armor Plating > --- WEAPON ----------- Heavy Assault Rifle Heavy Assault Rifle > --- INVENTORY -------- Flight Unit Flight Unit Light Assault Rifle Light Cannon Datajack [Rating: 11] Favorites ----------- Power Ion Engine Engine Ion Engine Propulsion Aluminum Leg Leg Aluminum Leg Wheel Wheel Flight Unit Flight Unit Utility Power Shielding Device Heat Sink Storage Large Storage Unit Protection Power Shielding Weapon Light Cannon Energy Gun Medium Laser Energy Cannon Particle Cannon Ballistic Gun Heavy Assault Rifle Ballistic Cannon Light Cannon Special Melee Weapon Datajack Build | -11 -10 -9 ------- Run | Yrd Mat Mat Slots Evolved 2 | . . 2 Power . | . . . Propulsion . | . . . Utility 2 | . . 2 Weapon . | . . . Parts Attached 28 | 8 9 11 Power 2 | 1 1 . Engine 2 | 1 1 . Core . | . . . Reactor . | . . . Propulsion 8 | 3 4 1 Treads . | . . . Leg 5 | 2 2 1 Wheel 1 | 1 . . Hover . | . . . Flight 2 | . 2 . Utility 9 | 2 2 5 Device 4 | 2 1 1 Storage 2 | . . 2 Processor . | . . . Hackware . | . . . Protection 3 | . 1 2 Artifact . | . . . Weapon 9 | 2 2 5 Energy Gun 1 | 1 . . Energy Cannon 2 | . . 2 Ballistic Gun 4 | 1 1 2 Ballistic Cannon 1 | . 1 . Launcher . | . . . Special Weapon . | . . . Impact Weapon . | . . . Slashing Weapon . | . . . Piercing Weapon . | . . . Special Melee Weapon 1 | . . 1 Unidentified Prototypes . | . . . Parts Lost 11 | . . 11 Power 1 | . . 1 Propulsion 3 | . . 3 Utility 4 | . . 4 Weapon 3 | . . 3 Highest Loss Streak 7 | . . 7 To Critical Strikes . | . . . Average Backups 3 | 2 3 4 Power . | . . . Propulsion 1 | 1 1 2 Utility . | . . . Weapon . | . . . Tool/Special . | . . . Unused Backups 6 | . 5 1 Power 1 | . 1 . Propulsion 1 | . 1 . Utility 2 | . 1 1 Weapon 2 | . 2 . Tool/Special . | . . . Average Slot Usage (%) 87 | . 90 83 Engine 11 | . 14 8 Leg 18 | . 18 17 Flight 5 | . 8 . Device 11 | . 11 12 Storage 1 | . . 4 Protection 15 | . 12 18 Ballistic Gun 11 | . 9 14 Ballistic Cannon 8 | . 12 3 Peak Build Rating 11 | 7 7 11 Average Rating 7 | 3 6 8 On Entrance 4 | . 7 7 Naked Turns . | . . . Heaviest Build 36 | 9 12 36 Greatest Support 20 | 20 20 20 Greatest Overweight (x) 8 | . 1 8 Average Overweight (x) . | . . . Largest Inventory Capacity 15 | 5 5 15 Average Capacity 6 | 5 5 8 Most Carried 7 | 5 5 7 Average Carried 3 | 2 3 4 Final Capacity 15 | 5 5 15 Final Carried 5 | 4 3 5 Class Distribution -------------------- 60% | Mutant 39% | Scavenger-Mutant Dominant Class ---------------- Mutant | -10/Materials Scavenger-Mutant | -9/Materials Resources | -11 -10 -9 ----------- Run | Yrd Mat Mat Matter Collected 679 | 289 135 255 Remotely . | . . . Salvage Created 605 | 65 177 363 Parts 34 | 6 7 21 Haulers Intercepted 1 | . 1 . Recyclers Shooed . | . . . Parts Field Recycled . | . . . Retrieved Matter . | . . . Parts Self-Destructed . | . . . Prevented . | . . . Kills | -11 -10 -9 ------- Run | Yrd Mat Mat Combat Hostiles Destroyed 11 | 1 4 6 Guns 5 | 1 . 4 Cannons 6 | . 4 2 Classes Destroyed 8 | 2 2 4 Worker 1 | . . 1 Tunneler 1 | 1 . . Hauler 1 | . 1 . Mechanic 1 | . 1 . Watcher 3 | . . 3 Grunt 9 | 1 4 4 Brawler 1 | . . 1 Sentry 1 | . . 1 Best Kill Streak 4 | 2 4 3 Combat Bots Only 2 | 1 2 2 Max Kills in Single Turn 2 | 2 2 1 Gunslinging . | . . . Exploded . | . . . Melee . | . . . Uniques/NPCs Destroyed . | . . . Combat | -11 -10 -9 -------- Run | Yrd Mat Mat Hostile Shots Fired 165 | 4 20 141 Missed 46 | 1 6 39 Hits 119 | 3 14 102 Melee 2 | . . 2 Projectile 117 | 3 14 100 Critical Strikes 3 | . . 3 Damage Taken 1681 | 33 186 1462 Core 476 | 12 57 407 Absorbed by Shields . | . . . Redirected to Shielding 35 | . 11 24 Regen/Repaired (Parts) 5 | . 5 . Core Remaining (%) 83 | 95 72 . Volleys Fired 59 | 3 11 45 Largest 2 | 2 2 2 Hottest 136 | 70 50 136 Shots Fired 99 | 6 19 74 Gun 72 | 6 8 58 Cannon 27 | . 11 16 Launcher . | . . . Special . | . . . Kinetic 90 | 3 19 68 Thermal 9 | 3 . 6 Explosive . | . . . Electromagnetic . | . . . Robot Hit Streak 11 | 2 4 11 Robot Miss Streak 6 | 2 6 5 Penetration Max . | . . . Secondary Targets 1 | . . 1 Max Gunslinging Chain 1 | . . 1 Shots Hit Robots 58 | 3 11 44 Core Hits 25 | 3 9 13 Critical Kills . | . . . Critical Parts Destroyed . | . . . Critical Strikes 3 | 1 1 1 Burn 1 | 1 . . Blast 2 | . 1 1 Melee Attacks . | . . . Impact . | . . . Slashing . | . . . Piercing . | . . . Sneak Attacks . | . . . Combat Hostiles . | . . . Follow-up Attacks . | . . . Damage Inflicted 1215 | 50 423 742 Guns 623 | 50 26 547 Cannons 337 | . 143 194 Explosions 241 | . 241 . Melee . | . . . Ramming 14 | . 13 1 Kinetic 852 | 25 169 658 Thermal 349 | 25 241 83 Explosive . | . . . Electromagnetic . | . . . Impact . | . . . Slashing . | . . . Piercing . | . . . Highest Corruption 2 | . . 2 Average Corruption 2 | . . 2 Corruption Purged . | . . . Corruption Blocked . | . . . Effects 6 | . . 6 Matter Fused 1 | . . 1 Heat Flow Errors 1 | . . 1 Energy Discharges 3 | . . 3 Data Loss (minor) 1 | . . 1 Overload Shots . | . . . Overflow Damage . | . . . Projectiles . | . . . Explosions . | . . . Melee . | . . . Knockbacks 3 | . 2 1 Impact . | . . . Kinetic 3 | . 2 1 Secondary . | . . . Self-Inflicted Damage 5 | . 5 . Shots . | . . . Rammed 1 | . 1 . Targets Rammed 5 | . 4 1 Kicked 4 | . 3 1 Crushed . | . . . Highest Temperature 265 | 30 30 265 Average Temperature 34 | 19 11 61 Received Heat Transfer 705 | 18 114 573 Siege Activations . | . . . Martial Activations . | . . . Shielding Activations . | . . . Robots Disrupted . | . . . Combat Hostiles . | . . . Robots Corrupted . | . . . Combat Hostiles . | . . . Parts Fried . | . . . Impact Corruptions . | . . . Robots Melted . | . . . Combat Hostiles . | . . . Parts Melted 1 | 1 . . Heat Transferred 496 | 148 200 148 Parts Sabotaged . | . . . Parts Stolen . | . . . Parts Stripped . | . . . Power Chain Reactions . | . . . Alert | -11 -10 -9 ------- Run | Yrd Mat Mat Maximum Alert Level 1 | . 1 . Low Security (%) 98 | 100 96 100 Level 1 1 | . 3 . Level 2 . | . . . Level 3 . | . . . Level 4 . | . . . Level 5 . | . . . High Security . | . . . Max Security . | . . . Peak Influence 212 | 25 212 45 Initial 18 | . 9 18 Average 50 | 3 82 14 Influence Increases 470 | 25 249 196 Destroy 0b10 Robot/C 220 | 20 80 120 Destroy 0b10 Robot/NC 35 | 5 10 20 Destroy Leader 58 | . 22 36 Successful Hack 11 | . 7 4 Disable Machine 120 | . 105 15 Destroy Structure 26 | . 25 1 Influence Decreases 470 | 10 218 242 Entered New Map 34 | . 6 28 Time Decay 396 | 10 212 174 Lost Part 40 | . . 40 Squads Dispatched 4 | . 2 2 Investigation 2 | . 2 . Extermination . | . . . Reinforcement 2 | . . 2 Assault . | . . . Garrison . | . . . Intercept . | . . . Searches Triggered . | . . . Construction Impeded 1 | . . 1 Haulers Reinforced . | . . . Active Scanning Responses . | . . . Cargo Convoy Interrupts . | . . . Stealth | -11 -10 -9 --------- Run | Yrd Mat Mat Distress Signals 5 | . 3 2 Communications Jammed . | . . . Distress Signals . | . . . Times Spotted 20 | 1 4 15 Peak Tracking Total 3 | 1 2 3 Tactical Retreats 1 | . . 1 Traps | -11 -10 -9 ------- Run | Yrd Mat Mat Traps Triggered 1 | . 1 . Indirectly . | . . . Trap Hack Attempts . | . . . Triggered . | . . . Disarmed . | . . . Reprogrammed . | . . . Reused . | . . . Traps Extracted . | . . . Installed . | . . . Triggered . | . . . Machines | -11 -10 -9 ---------- Run | Yrd Mat Mat Machines Disabled 8 | . 7 1 Max in Single Turn 7 | . 7 1 Machines Repaired . | . . . Machines Dismantled . | . . . Machines Sabotaged . | . . . Overloaded Fab Kills . | . . . Hacking | -11 -10 -9 --------- Run | Yrd Mat Mat Machines Accessed 6 | . 5 1 Terminals 3 | . 2 1 Fabricators . | . . . Repair Stations 1 | . 1 . Recycling Units 2 | . 2 . Scanalyzers . | . . . Garrison Access . | . . . Total Hacks 17 | . 15 2 Successful 11 | . 10 1 Failed 6 | . 5 1 Catastrophic . | . . . Database Lockouts . | . . . Manual . | . . . Terminals 5 | . 3 2 Fabricators . | . . . Repair Stations 6 | . 6 . Recycling Units 6 | . 6 . Scanalyzers . | . . . Garrison Access . | . . . Terminal Hacks 3 | . 2 1 Record 1 | . 1 . Locate Traps 1 | . . 1 Zone Layout 1 | . 1 . Fabricator Hacks . | . . . Repair Station Hacks 3 | . 3 . Scan Component 2 | . 2 . Repair 1 | . 1 . Recycling Unit Hacks 5 | . 5 . Recycle Component 2 | . 2 . Report Inventory 2 | . 2 . Retrieve Components 1 | . 1 . Scanalyzer . | . . . Garrison Access Hacks . | . . . Unauthorized Hacks . | . . . Terminals . | . . . Fabricators . | . . . Repair Stations . | . . . Recycling Units . | . . . Scanalyzers . | . . . Garrison Access . | . . . Data Cores Recovered . | . . . Used . | . . . Hacking Detections 5 | . 4 1 Full Trace Events 1 | . 1 . Feedback Events . | . . . Feedback Blocked . | . . . Robot Schematics Acquired . | . . . Robots Built . | . . . Authchips . | . . . Time . | . . . Total Robot Build Rating . | . . . Part Schematics Acquired . | . . . Parts Built . | . . . Authchips . | . . . Time . | . . . Total Part Build Rating . | . . . Parts Repaired 1 | . 1 . Time 36 | . 36 . Parts Recycled 2 | . 2 . Recycled Matter . | . . . Retrieved Matter . | . . . Retrieved Components 7 | . 7 . Parts Scanalyzed . | . . . Part Schematics Acquired . | . . . Parts Damaged . | . . . Bothacking | -11 -10 -9 ------------ Run | Yrd Mat Mat Used RIF Installer . | . . . Robots Hacked . | . . . Non-combat . | . . . Combat . | . . . Robot Hacks Applied . | . . . Relay Couplers Released . | . . . Fabnet Peak Effective % . | . . . Robots Rewired . | . . . Allies Hacked . | . . . Hacks Repelled . | . . . Allies | -11 -10 -9 -------- Run | Yrd Mat Mat Total Allies . | . . . Largest Group . | . . . Highest-Rated Group . | . . . Highest-Rated Ally . | . . . Total Orders . | . . . Ally Attacks . | . . . Total Damage . | . . . Kills . | . . . Allies Corrupted . | . . . Allies Melted . | . . . Intel | -11 -10 -9 ------- Run | Yrd Mat Mat Active Infowar (turns) 734 | 5 506 223 Seismic 357 | 5 352 . ECM 377 | . 154 223 Robot Analysis Total . | . . . Derelict Logs Recovered . | . . . Drone Launches . | . . . Drone Recoveries . | . . . Exploration | -11 -10 -9 ------------- Run | Yrd Mat Mat Turns Passed 1339 | 107 723 509 Spaces Moved 903 | 82 580 241 Core 38 | 27 . 11 Treads . | . . . Legs 629 | 55 344 230 Wheels . | . . . Hover . | . . . Flight 236 | . 236 . Fastest Speed 37 | 50 37 120 Average Speed 118 | 96 109 148 Slowest Speed 450 | 120 120 450 Overloaded Moves . | . . . Propulsion Burnouts . | . . . Robots Hopped . | . . . Potential Cave-ins . | . . . Cave-ins Triggered . | . . . Exploration Rate (%) 35 | 6 74 26 Regions Visited 2 Branch Regions . Pre-discovered Areas . | . . . Known Exits Taken . | . . . Unknown Exits Taken 2 | 1 1 . Scrap Searched . | . . . Spaces Dug . | . . . Terrain Destroyed 25 | . 25 . Melee . | . . . Projectile . | . . . AOE 25 | . 25 . Terrain Rammed . | . . . Walls Destroyed . | . . . Machines Disabled . | . . . Actions | -11 -10 -9 --------- Run | Yrd Mat Mat Total 1075 | 103 656 316 Wait 32 | . 29 3 Move 901 | 81 579 241 Hop . | . . . Pick Up 32 | 10 11 11 Fast Attach 2 | 1 1 . Attach 20 | 7 6 7 Detach 4 | 1 2 1 Swap 7 | . 3 4 Drop 13 | . 10 3 Fire 59 | 3 11 45 Melee . | . . . Ram 1 | . 1 . Kick 4 | . 3 1 Crush . | . . . Escape Stasis . | . . . Rewire . | . . . Trap . | . . . Miscellaneous . | . . . Route ------- -11/Scrapyard -10/Materials (discovered 4 exits: *Mat x2 / [*Min x2]) -9/Materials (discovered 2 exits: [*Min] / [*Sto]) History --------- Turn | Location | Event 2 | -11/Scrapyard | Met Revision 17 74 | -11/Scrapyard | Discovered new exit (range 8) 108 | -11/Scrapyard | Entered Materials 109 | -10/Materials | Met a group of wandering Federalists 233 | -10/Materials | Discovered new exit (range 15) 306 | -10/Materials | Build established: Mutant 437 | -10/Materials | Discovered new exit (range 16) 477 | -10/Materials | Repaired Broken Lgt. Ion Engine? 539 | -10/Materials | Discovered new exit (range 16) 645 | -10/Materials | Discovered new exit (range 13) 831 | -10/Materials | Entered another Materials area 831 | -9/Materials | Evolved 2 slots: Utility x2 1003 | -9/Materials | Discovered new exit (range 14) 1208 | -9/Materials | Build established: Scavenger-Mutant 1234 | -9/Materials | Discovered new exit (range 9) 1284 | -9/Materials | Core integrity fell below 50% 1309 | -9/Materials | Core integrity fell below 20% 1323 | -9/Materials | Lost 7 parts (1p2n2u2w) 1340 | -9/Materials | Destroyed by G-47 Trooper with Particle Gun Last Messages --------------- 01261_ Switching to secondary target: Y-45 Defender. 01262_ Aluminum Leg destroyed. [Achievement: Crack Shot] 01265_ Lgt. Armor Plating destroyed. 01271_ Hvy. Assault Rifle destroyed. 01276_ Acquired 24 matter. 01277_ Hvy. Assault Rifle destroyed. 01281_ K-01 Serf collects debris. 01281_ Aluminum Leg destroyed. 01285_ K-01 Serf collects debris. 01286_ System corrupted: Energy discharge (-26). 01289_ K-01 Serf collects debris. 01292_ Heat Sink destroyed. 01295_ K-01 Serf collects debris. 01308_ Critical hit (Burn: +37). 01317_ System corrupted: Matter fused (-5). 01329_ ALERT: Construction progress impeded, dispatching reinforcements to local area. 01330_ Particle Cannon destroyed. Map ----- +----------------------------------------------------+ | ??????????########???????????? # #?????# ###???? | | ?????????????????????????????? # #?????# #???? | | ????????????????????????????? ?# #?????# ##### | | ???????????????????????????? ?# #?????# ## | | ???????????????????????????????# +?????# ## | | ???????????????????????????????# #????## ## "" | | ???????????????????????????????? #????# # "" | | ???????????????????????????????? #????# # "" | | ???????????????????????????????# #????# T + | | ???????????????????????????????# #????# # | | ???????????????????????####????# #????# # | | ????????????????????#### # ##### #????## ##### | | ????????????????????# # # ## #?????# #???? | | ????????????????????# ## ####### #???? | | ???????????????????## # ##"""## #???? | | ???????????????????# # ##"T"## ##??? | | ???????????????????# #/ ^ #??? | | ???????????????????# % #% #??? | | ???????????????????# +% ^ #??? | | ????????????????????## # ^ """ #??? | | ???????????????????# # /^ ^ """ #??? | | ???????????????????##" # / """ #??? | | ??????????????# ????#########"# #??? | | ????????????### #### ;### ^ #### | | ?????????? #??# """ """ | | ?????????? <@ #??# """ """ | | ?????????? gg a #### """ """ | | ?????????????#####/### g | | ?????????????????????## ##### | | ??????????????????????# #???# | | ??????????????????????# #???# ##### ##+### | | ??????????????????????# #??## #???# ## | | ??????????????????????# k #??# #?? # """ | | ??????????????????????# #??#! ##"" # %"" | | ??????????????????????# ???##! !###!! # "" | | ??????????????????????# ????######?#"" < # """ | | ??????????????????????# ???????????#!! # """ | | ??????????????????????# ???????????#"" # | | ??????????????????????# ???????????#" ##### | | ??????????????????????# ????????????### ##???? | | ??????????????????????# ??????????????# #????? | | ???????????????????????????????????????? #????? | | ???????????????????????????????????????? #????? | | ????????????????????????????????????????? ?????? | | ?????????????????????????????????????????????????? | | ?????????????????????????????????????????????????? | | ?????????????????????????????????????????????????? | | ?????????????????????????????????????????????????? | | ?????????????????????????????????????????????????? | | ?????????????????????????????????????????????????? | +----------------------------------------------------+ Best States ------------- Heat Dissipation 38 Energy Generation 10 Energy Capacity 250 Matter Stores 300 Matter Capacity 300 Sight Range 16 Terrain Scan Density 10 ECM Strength 1 Armor Coverage 150 Power Shielding 33 Evasion (%) 62 Item Schematics ----------------- None Robot Schematics ------------------ None Fabricated ------------ Nothing Repaired ---------- Lgt. Ion Engine | 87% | -10/Materials | Broken Alien Tech Used ----------------- None Achievements -------------- Crack Shot One Hack Too Far Part-time Mechanic Challenges ------------ None Game ------ Seed WarpThermicFalx Manual? 0 Play Time 00:28:15 Cumulative 1.3 hours Start 2025.06.28 @ 14:33:48 End 2025.06.28 @ 15:07:49 Sessions 1 Manual Loads 0 Difficulty Rogue Special Mode None Game No. 2 Rogue 2 Adventurer 0 Explorer 0 Win Type - Total 0 Types 0/0/0/0/0/0/0/0/0/0 Lore% 0 Gallery% 3 Achievement% 4 Wizard Run 0 Options --------- Layout 2 ASCII 0 Keyboard 0 Movement Mouse Keybinds 0 Fullscreen 2 Font 24/Smallcaps Map View 50x44 Zoom Use 0% Tactical HUD 1 Map Filters NONE Filters NONE Steam 1 RUN: 6b5bec60-c339-4145-b4ef-a51b9d2913b6